 Dungeon Crawl Stone Soup version 0.28-a0-80-g9707f7362f (webtiles) character file.

Game seed: 7076592448480616434

844 HAL9000 the Ruffian (level 7, -6/60 HPs)
             Began as a Purple Draconian Transmuter on Aug 5, 2021.
             Mangled by a gnoll (8 damage)
             ... on level 6 of the Dungeon.
             The game lasted 00:06:46 (4759 turns).

HAL9000 the Ruffian (Purple Draconian Transmuter)   Turns: 4759, Time: 00:06:47

Health: -6/60      AC:  6    Str: 13    XL:     7   Next: 68%
Magic:  7/10       EV: 12    Int: 15    God:
Gold:   129        SH:  0    Dex: 11    Spells: 4/10 levels left

rFire   . . .      SeeInvis .     - Unarmed
rCold   . . .      Faith    .   (no shield)
rNeg    . . .      Spirit   .   (armour unavailable)
rPois   .          Reflect  .   (helmet restricted)
rElec   .          Harm     .   (no cloak)
rCorr   .          Rampage  .   (no gloves)
Will    +....                   (no boots)
Stlth   +.........              (no amulet)
HPRegen 0.20/turn               (no ring)
MPRegen 0.12/turn               (no ring)

@: wereblooded (expiring)
A: breathe power, AC +6, unfitting armour, cold-blooded
a: Breathe Dispelling Energy


You were on level 6 of the Dungeon.
You visited 1 branch of the dungeon, and saw 5 of its levels.

You collected 129 gold pieces.

Inventory:

Missiles
 p - 7 boomerangs
 r - a throwing net
Wands
 j - a wand of flame (10)
 k - a wand of digging (6)
Scrolls
 c - 2 scrolls of identify {unknown}
 h - a scroll of fog {unknown}
 l - a scroll of amnesia {unknown}
 m - a scroll of blinking {unknown}
 n - a scroll of teleportation {unknown}
 o - a scroll of noise {unknown}
 q - a scroll of fear {unknown}
 s - a scroll of brand weapon {unknown}
 u - a scroll of vulnerability {unknown}
 v - a scroll of enchant armour {unknown}
Potions
 a - 2 potions of invisibility {unknown}
 b - a potion of magic {unknown}
 d - a potion of berserk rage {unknown}
 e - 2 potions of heal wounds {unknown}
 f - a potion of attraction {unknown}
 g - 2 potions of haste
 i - 3 potions of curing {unknown}
 t - a potion of lignification {unknown}


   Skills:
 * Level 4.9 Fighting
 - Level 1.7 Dodging
 + Level 7.1 Unarmed Combat
 - Level 2.4 Spellcasting
 - Level 4.1 Transmutations


You had 4 spell levels left.
You knew the following spells:

 Your Spells              Type           Power      Damage    Failure   Level
a - Beastly Appendage     Tmut           28%        N/A       4%          1
b - Wereblood             Tmut           14%        N/A       6%          2
c - Spider Form           Tmut/Pois      3%         N/A       28%         3

Your spell library contained the following spells:

 Spells                   Type           Power      Damage    Failure   Level
 Sting                    Tmut/Pois      28%        1d4       10%         1
 Poisonous Vapours        Pois/Air       2%         N/A       32%         2
 Ice Form                 Ice/Tmut       7%         N/A       67%         4
 Olgreb's Toxic Radiance  Pois           1%         N/A       91%         4


Dungeon Overview and Level Annotations

Branches:
Dungeon (6/15)
 Temple: D:4-7

Altars:
Dithmenos
Uskayaw
Vehumet

Shops:
D:5 *


Innate Abilities, Weirdness & Mutations

You can breathe bolts of dispelling energy.
Your rich purple scales are hard. (AC +6)
You cannot fit into any form of body armour.
You are cold-blooded and may be slowed by cold attacks.


Message History

The orc completely misses you.
The orc wizard shouts!
You hit the orc.
The orc is severely wounded.
The gnoll barely misses you. The gnoll sergeant closely misses you.
A gnoll comes into view. It is wielding a +0 flail.
The gnoll misses you.
The gnoll shouts!
You bite the gnoll!
You feel a bit better.
You kill the gnoll!
You feel a bit better.
You kill the orc!
The gnoll completely misses you.
The gnoll sergeant hits you from afar with a +1 trident of protection!
The orc wizard casts a spell.
The orc wizard flickers and vanishes!
Deactivating autopickup; reactivate with Ctrl-A.
The orc misses you.
You bite the orc!
You feel a bit better.
You kill the orc!
Your transformation is almost over.
The gnoll hits you from afar with a +0 spear.
The gnoll sergeant misses you.
You have got your breath back.
You hit the gnoll.
The gnoll is poisoned.
The gnoll is moderately wounded.
The gnoll barely misses you. The gnoll closely misses you.
The gnoll sergeant misses you.
Your primal bloodlust is almost over.
The orc priest calls down the wrath of Beogh upon you.
Beogh smites you! The gnoll hits you with a +0 whip.
* * * LOW HITPOINT WARNING * * *
The orc priest invokes the aid of Beogh against you.
Beogh smites you!
* * * LOW HITPOINT WARNING * * *
Unknown command.
Your transformation has ended.
The gnoll hits you from afar with a +0 spear!
You die...

.........#.....#.......#
.........#.....#.o.....#
.........#.....#.......#
.........#.....#{g.....#
.........#.....#.......#
.###...####....#ggg....#
.###+######....#g......#
...............#.......#
...............#@......#
......)........#.......#
####...##......#.......#
#.##...#######+#.......#
...............#.......#
...............#.......#
...............#.......#
#....####.##...#.......#
#....#######...#.......#


You could see a gnoll sergeant, an orc priest and 4 gnolls.

Vanquished Creatures
  Eustachio (D:5)
  Sigmund (D:5)
  Edmund (D:5)
  A centaur (D:6)
  A hound (D:6)
  2 centaur skeletons (D:5)
  Ijyb (D:5)
  3 orc wizards (D:5)
  A hound skeleton (D:5)
  5 gnolls
  4 adders
  An adder zombie (D:5)
  A worm (D:2)
  10 orcs
  3 ball pythons
  5 bats
  4 endoplasms
  3 giant cockroaches
  5 goblins
  6 hobgoblins
  4 jackals (D:5)
  4 kobolds (D:1)
  3 frilled lizards
  7 rats
77 creatures vanquished.

Notes
Turn   | Place    | Note
-------+----------+-------------------------------------------
     0 | D:1      | HAL9000 the Draconian Transmuter began the quest for the
                  | Orb.
     0 | D:1      | Reached XP level 1. HP: 16/16 MP: 3/3
   445 | D:1      | Found a faded altar of an unknown god.
   451 | D:1      | Reached XP level 2. HP: 17/23 MP: 3/5
   976 | D:1      | Learned a level 2 spell: Wereblood
  1338 | D:1      | Reached XP level 3. HP: 28/28 MP: 6/6
  1342 | D:1      | Learned a level 3 spell: Spider Form
  2333 | D:3      | Found a radiant altar of Vehumet.
  2439 | D:3      | Found a shadowy altar of Dithmenos.
  2448 | D:3      | Found a hide-covered altar of Uskayaw.
  2530 | D:3      | Reached XP level 4. HP: 19/35 MP: 3/7
  2915 | D:3      | You fall into a shaft and drop 2 floors!
  2915 | D:5      | Entered Level 5 of the Dungeon
  2916 | D:5      | Noticed Ijyb
  2948 | D:5      | Killed Ijyb
  3125 | D:5      | Reached skill level 4 in Unarmed Combat
  3125 | D:5      | Reached XP level 5. HP: 35/42 MP: 2/8
  3323 | D:5      | Noticed Sigmund
  3331 | D:5      | Killed Sigmund
  3332 | D:5      | Reached skill level 5 in Unarmed Combat
  3332 | D:5      | Reached XP level 6. HP: 33/51 MP: 5/9
  3448 | D:5      | Noticed Edmund
  3465 | D:5      | Killed Edmund
  3711 | D:5      | Noticed Eustachio
  3737 | D:5      | Killed Eustachio
  3738 | D:5      | Reached skill level 6 in Unarmed Combat
  3738 | D:5      | Your scales start taking on a rich purple colour.
  3738 | D:5      | Reached XP level 7. HP: 44/59 MP: 7/10
  3910 | D:5      | Found Giuch's Lightly-Used Armoury.
  4603 | D:6      | Reached skill level 7 in Unarmed Combat
  4757 | D:6      | HP: 2/60 [orc priest/divine providence (16)]
  4759 | D:6      | Mangled by a gnoll

Illustrated notes

Levels and vault maps discovered:
D:1:      dpeg_arrival_tiny_g, layout_loops_ring, serial_forest,
          infiniplex_forest_clump_small, infiniplex_forest_lined_3,
          infiniplex_forest_straight_3, infiniplex_forest_clump_medium,
          infiniplex_forest_lined_room_2, infiniplex_forest_clump_curved,
          infiniplex_forest_end_2, shapermc_ecumenical_altar_flowoftime,
          minmay_crystal_water, minmay_split_cup_large
D:2:      layout_rooms, minmay_misc_feat_tower, minmay_tripent
D:3:      layout_rooms, mainiacjoe_overflow_swirl, fiery_altar_vehumet,
          hangedman_decor_growths, minmay_puff
D:5:      layout_loops_cross, minmay_shop_damaged,
          chequers_serial_rivers_micro_e, sigmund_edmund_badplayer, uniq_ijyb,
          uniq_eustachio
D:6:      layout_gridville, minmay_misc_feat_columns

Skill      XL: |  1  2  3  4  5  6  7 |
---------------+----------------------+-----
Transmutations | 3 4 |  4.1
Fighting       | 2 3 4 |  4.9
Unarmed Combat | 4 5 6 7 |  7.1
Dodging        | |  1.7
Spellcasting   | |  2.4

Action                   |  1- 3 |  4- 6 |  7- 9 || total
-------------------------+-------+-------+-------++-------
Melee: Unarmed           |   125 |    92 |    50 ||   267
       Kick              |    11 |     7 |     5 ||    23
       Punch             |     2 |     2 |     2 ||     6
       Tailslap          |     9 |     9 |     4 ||    22
       Headbutt          |     7 |     5 |       ||    12
 Cast: Beastly Appendage |    24 |     4 |     3 ||    31
       Spider Form       |     1 |     5 |     3 ||     9
       Wereblood         |     1 |     2 |     2 ||     5
 Abil: Breathe Dispellin |       |       |     2 ||     2
Evoke: Wand              |       |     3 |       ||     3
Armor: Skin              |    24 |    29 |     9 ||    62
Dodge: Dodged            |    83 |    64 |    49 ||   196

Table legend: (Time is in decaauts)
 A = Elapsed time spent in this place.
 B = Non-inter-level travel time spent in this place.
 C = Inter-level travel time spent in this place.
 D = Time resting spent in this place.
 E = Time spent auto-exploring this place.
 F = Levels seen in this place.
 G = Mean time per level.
                   A        B        C        D        E       F      G
               +--------+--------+--------+--------+--------+-----+--------+
         Total |   4738 |   4695 |     43 |    806 |   3259 |   5 |  947.6 |
       Dungeon |   4738 |   4695 |     43 |    806 |   3259 |   5 |  947.6 |
               +--------+--------+--------+--------+--------+-----+--------+

Top non-repeatable levels by time:
     D:1: 1692 daAuts
     D:5: 1490 daAuts
     D:2: 619 daAuts
     D:3: 596 daAuts
     D:6: 339 daAuts
